 Dungeon Crawl Stone Soup version 0.30.1-11-g7821555f0a (webtiles) character file.

Game seed: 22252805580940648

151 KyoPewz the Vexing (level 5, -2/22 HPs)
             Began as a Felid Enchanter on Dec 13, 2023.
             Splashed by a jelly's acid (8 damage)
             ... on level 7 of the Dungeon.
             The game lasted 00:08:00 (4137 turns).

KyoPewz the Vexing (Felid Enchanter)                Turns: 4137, Time: 00:08:01

Health: -2/22      AC:  1    Str:  4    XL:     5   Next: 11%
Magic:  6/10       EV: 19    Int: 16    God:
Gold:   241        SH:  0    Dex: 19    Spells: 4/9 levels left
                                        Lives:  0   Deaths: 1

rFire   . .          .
                       - Unarmed
rCold   . . .        (shield unavailable)
rNeg    . . .        (body armour unavailable)
rPois   .            (helmet unavailable)
rElec   .            (cloak unavailable)
rCorr   .            (gloves unavailable)
SInv    +            (boots unavailable)
Will    .....        (no amulet)
Stlth   +++          (no ring)
HPRegen 0.23/turn    (no ring)
MPRegen 0.12/turn

%: no passive effects
@: quick
A: very small, claws 1, fangs 3, see invisible, speed 1, shaggy fur 1, stealthy
paws, no weapons or thrown items, no armour, multi-lived
a: no special abilities


You were on level 7 of the Dungeon.
You visited 1 branch of the dungeon, and saw 6 of its levels.

You collected 241 gold pieces.

Inventory:

Scrolls
 d - 4 scrolls of identify {unknown}
 e - a scroll of amnesia {unknown}
 f - 2 scrolls of immolation {unknown}
 i - a scroll of teleportation {unknown}
 j - a scroll of poison {unknown}
 k - a scroll of fear {unknown}
 l - a scroll of fog {unknown}
 n - 2 scrolls of noise {unknown}
 p - a scroll of brand weapon {unknown}
 q - a scroll of blinking {unknown}
Potions
 a - 2 potions of invisibility
 b - a potion of berserk rage {unknown}
 c - 4 potions of curing {unknown}
 g - a potion of haste {unknown}
 h - a potion of brilliance {unknown}
 m - a potion of magic {unknown}
 o - a potion of degeneration {unknown}


   Skills:
 + Level 2.0 Fighting
 + Level 4.1 Dodging
 + Level 5.2 Stealth
 + Level 2.2 Unarmed Combat
 + Level 2.8 Spellcasting
 + Level 5.5 Hexes
 + Level 1.3 Ice Magic


You had 4 spell levels left.
You knew the following spells:

 Your Spells              Type           Power      Damage    Failure   Level
a - Ensorcelled Hibernat  Hex/Ice        26%        N/A       7%          2
b - Confusing Touch       Hex            20%        N/A       6%          3

Your spell library contained the following spells:

 Spells                   Type           Power      Damage    Failure   Level
 Tukima's Dance           Hex            20%        N/A       6%          3
 Dazzling Flash           Conj/Hex       22%        N/A       19%         3
 Cigotuvi's Dreadful Rot  Necr/Pois/Air  4%         N/A       28%         2
 Dispel Undead            Necr           2%         3d7       88%         4
 Fireball                 Conj/Fire      1%         3d3       99%         5
 Iskenderun's Battlesphe  Conj           2%         2d6       99%         5
 Conjure Ball Lightning   Conj/Air       1%         3x3d6     100%        6
 Death Channel            Necr           1%         N/A       100%        6
 Orb of Destruction       Conj           1%         9d5       100%        7


Dungeon Overview and Level Annotations

Branches:
Dungeon (7/15)
 Temple: D:4-7

Altars:

Shops:
D:1 [

Portals:
Bailey: D:7


Innate Abilities, Weirdness & Mutations

You have sharp claws.
You have razor-sharp teeth.
You have supernaturally acute eyesight. (SInv)
You cover ground quickly. (Speed+)
You are covered in fur. (AC +1)
Your paws help you pounce on unaware monsters.
You are incapable of wielding weapons or throwing items.
You cannot wear armour.
You gain extra lives every three experience levels.


Message History

The goblin hits you from afar with a +0 spear.
* * * LOW HITPOINT WARNING * * *
You take 2 damage, and have 6/22 hp. 2 orcs come into view.
The orc shouts!
You hear a shout!
The orc shouts!
You hear a shout!
You hear the faint creaking of a portcullis nearby.
Found an escape hatch in the floor.
You enter the shallow water.
Moving in this stuff is going to be slow.
Found a weird smoking staff.
Found a stone staircase leading up.
You enter the shallow water.
Moving in this stuff is going to be slow.
You see here a scroll labelled BYUTIUG UTAD.
A wyvern comes into view.
Casting: Ensorcelled Hibernation (safe; 7% risk of failure)
Confirm with . or Enter, or press ? or * to list all spells.
Aiming: Ensorcelled Hibernation (safe; 7% risk of failure)
Press: ? - help, Shift-Dir - straight line, f/p - goblin
Aim: a goblin, wielding a +0 spear (heavily wounded, chance to affect: 64%)
The jelly looks drowsy...
You now have 5/10 mp.
The goblin misses you.
The jelly quivers.
You see here a scroll labelled BYUTIUG UTAD.
You scratch the jelly.
Your paws burn!
The jelly is moderately wounded.
The jelly misses you.
The goblin hits you from afar with a +0 spear.
* * * LOW HITPOINT WARNING * * *
You take 8 damage, and have 5/22 hp.
MASSIVE DAMAGE!!
A wight comes into view.
It is wielding a +1 scimitar of freezing. 2 wights come into view.
There is a stone staircase leading up here.
Found a stone staircase leading down.
An ogre comes into view. It is wielding a +0 giant club.
The jelly hits you.
* * * LOW HITPOINT WARNING * * *
You are splashed with acid!
You die...

#......lz. #.>......#
.........## #......#..
..........#####.........
........................
....|....<..zz.[....O...
..........oozg..........
.......o~~~~≈≈~.........
........≈#####~J...>....
.......?~#...#≈.@.......
.....#..≈#.∩.#≈.........
.....#..~#...#~......#..
.... ##.g##.##~.....## .
... #.~~~~~~~....... ...
#..........#.####
#.#........#.#
#..........#.#### ...
###.......##....###...


You could see an ogre, a jelly, 3 wights, 2 orcs and a goblin.

Vanquished Creatures
  A kobold brigand (D:4)
  An orc priest (D:4)
  Terence (D:2)
  2 orc wizards (D:4)
  2 adders (D:2)
  An ufetubus (D:4)
  3 worms
  A dart slug (D:4)
  3 orcs
  3 ball pythons
  5 bats
  6 endoplasms
  A giant cockroach (D:2)
  2 goblins
  6 hobgoblins
  5 kobolds
  5 quokkas
  6 frilled lizards
  5 rats
59 creatures vanquished.

Notes
Turn   | Place    | Note
-------+----------+-------------------------------------------
     0 | D:1      | KyoPewz the Felid Enchanter began the quest for the Orb.
     0 | D:1      | Reached XP level 1. HP: 7/7 MP: 4/4
   365 | D:1      | Reached XP level 2. HP: 10/12 MP: 6/6
   369 | D:1      | Learned a level 2 spell: Ensorcelled Hibernation
   644 | D:1      | Found a faded altar of an unknown god.
   832 | D:1      | Found Nuhasyon's Armour Emporium.
   978 | D:2      | Reached XP level 3. HP: 15/15 MP: 7/7
   997 | D:2      | Reached skill level 1 in Fighting
  1071 | D:2      | Learned a level 3 spell: Confusing Touch
  1163 | D:2      | Noticed Terence
  1458 | D:2      | Killed Terence
  1459 | D:2      | Reached skill level 5 in Hexes
  1459 | D:2      | Reached XP level 4. HP: 13/19 MP: 0/8
  3067 | D:4      | Noticed a kobold brigand
  3148 | D:4      | Killed a kobold brigand
  3149 | D:4      | Reached skill level 1 in Ice Magic
  3149 | D:4      | Reached XP level 5. HP: 10/22 MP: 3/9
  3301 | D:4      | Reached skill level 5 in Stealth
  3313 | D:4      | Killed from afar by an orc priest
  3314 | D:4      | Reached XP level 4. HP: 0/19 MP: 2/9
  3497 | D:4      | Reached XP level 5. HP: 9/22 MP: 6/10
  4031 | D:5      | Entered Level 5 of the Dungeon
  4036 | D:5      | You fall into a shaft and drop 2 floors!
  4054 | D:7      | Found a flagged portal.
  4121 | D:7      | Noticed a wyvern
  4134 | D:7      | Noticed an ogre
  4137 | D:7      | Splashed by a jelly's acid

Illustrated notes

Levels and vault maps discovered:
D:1:      dpeg_arrival_brainrot, layout_basic,
          ebering_ecumenical_altar_petrified, serial_shops, shop
D:2:      layout_rooms, minmay_pentomino_s2, uniq_terence
D:3:      layout_basic, chequers_mini_garden, feat_on_display
D:4:      layout_basic
D:5:      layout_basic, uniq_sigmund, uniq_prince_ribbit1
D:7:      layout_rooms, mainiacjoe_overflow_divided_tiny, enter_bailey_3,
          amethyst_killhole, uniq_duvessa

Skill      XL: |  1  2  3  4  5 |
---------------+----------------+-----
Dodging        | 3 4 |  4.1
Fighting       | 1 2 |  2.0
Hexes          | 5 |  5.5
Unarmed Combat | 2 |  2.2
Ice Magic      | 1 |  1.3
Stealth        | 5 |  5.2
Spellcasting   | |  2.8

Action                     |  1- 3 |  4- 6 || total
---------------------------+-------+-------++-------
  Melee: Unarmed           |   101 |    79 ||   180
         Bite              |    13 |     9 ||    22
         Punch             |     1 |     2 ||     3
   Cast: Ensorcelled Hiber |    10 |    12 ||    22
         Confusing Touch   |       |     2 ||     2
   Stab: Sleeping          |    11 |    16 ||    27
         Distracted        |     1 |     1 ||     2
         Confused          |       |     1 ||     1
 Armour: Skin              |     5 |     3 ||     8
  Dodge: Dodged            |    76 |    60 ||   136
